 Dungeon Crawl Stone Soup version 0.31-a0-4-gefa6de2278 (webtiles) character file.

Game seed: 11557441895879972859

5666 Sabo the Cleaver (level 10, -3/53 HPs)
             Began as a Vine Stalker Fighter on May 4, 2023.
             Was a Priest of Makhleb.
             Slain by a wraith (5 damage)
             ... on level 9 of the Dungeon.
             The game lasted 00:40:18 (7988 turns).

Sabo the Cleaver (Vine Stalker Fighter)             Turns: 7988, Time: 00:40:20

Health: -3/53      AC: 13    Str: 22    XL:     10   Next: 75%
Magic:  0/11       EV: 14    Int:  8    God:    Makhleb [***...]
Gold:   548        SH:  5    Dex: 15    Spells: 9/9 levels left

rFire   . . .        L - +5 long sword
rCold   . . .        c - +0 buckler
rNeg    . . .        y - +0 chain mail
rPois   +            g - +2 helmet
rElec   .            n - scarf {repulsion}
rCorr   .            (no gloves)
SInv    .            (no boots)
Will    +....        (no amulet) Stlth
                     j - ring of poison resistance
HPRegen 1.08/turn    o - +5 ring of evasion
MPRegen 0.12/turn

%: repel missiles, guardian spirit
@: slowed, very slow
A: fangs 3, regeneration 1, magic shield, antimagic bite, no potion heal 2
a: Renounce Religion, Minor Destruction, Lesser Servant of Makhleb


You were on level 9 of the Dungeon.
You worshipped Makhleb.
Makhleb was most pleased with you.
You visited 1 branch of the dungeon, and saw 9 of its levels.

You collected 548 gold pieces.

Inventory:

Hand Weapons
 a - a +0 war axe
 D - a +0 shortbow of freezing
 K - a +2 morningstar of protection
 L - a +5 long sword (weapon)
 M - a +4 morningstar of draining
Missiles
 u - 2 throwing nets (quivered)
 v - a javelin
 G - 6 poisoned darts
Armour
 c - a +0 buckler (worn)
 g - a +2 helmet (worn)
 n - a scarf of repulsion (worn)
 r - a +0 plate armour
 y - a +0 chain mail (worn)
 E - +0 steam dragon scales
Jewellery
 j - a ring of poison resistance (left hand)
 o - a +5 ring of evasion (right hand)
Wands
 z - a wand of polymorph (3)
 I - a wand of flame (2)
Scrolls
 l - 3 scrolls of teleportation
 m - 2 scrolls of blinking
 p - 2 scrolls of fog
 q - a scroll of enchant weapon {unknown}
 t - a scroll of silence {unknown}
 B - a scroll of immolation {unknown}
 C - a scroll of enchant armour
 F - a scroll of poison {unknown}
 N - a scroll of vulnerability {unknown}
 O - 2 scrolls of fear
Potions
 d - 2 potions of might
 e - 3 potions of degeneration {unknown}
 f - 2 potions of magic {unknown}
 h - a potion of lignification {unknown}
 i - 2 potions of berserk rage {unknown}
 s - 2 potions of brilliance {unknown}
 w - a potion of curing {unknown}
 x - 2 potions of cancellation {unknown}
 H - a potion of haste {unknown}


   Skills:
 + Level 6.2 Fighting
 + Level 0.9 Long Blades
 + Level 9.7 Axes
 + Level 6.5 Armour
 + Level 3.2 Dodging
 + Level 1.6 Stealth
 + Level 5.6 Shields
 + Level 0.7 Unarmed Combat


You had 9 spell levels left.
You didn't know any spells.
Your spell library contained the following spells:

 Spells                   Type           Power      Damage    Failure   Level
 Beastly Appendage        Tmut           0%         N/A       96%         1
 Magic Dart               Conj           0%         1d3       96%         1
 Searing Ray              Conj           0%         2d4       99%         2
 Wereblood                Tmut           0%         N/A       99%         2
 Ignite Poison            Fire/Tmut/Pois 0%         N/A       100%        3
 Spider Form              Tmut/Pois      0%         N/A       100%        3
 Fulminant Prism          Conj/Hex       0%         3d5       100%        4
 Sticky Flame             Conj/Fire      0%         2d3       100%        4
 Ignition                 Fire           0%         3d3       100%        8


Dungeon Overview and Level Annotations

Branches:
Dungeon (9/15)             Temple (0/1) D:5            Lair (0/5) D:8
    Orc: D:9-12

Altars:
Dithmenos
Fedhas
Gozag
Hepliaklqana
Makhleb
Nemelex Xobeh
Okawaru
Qazlal
Sif Muna
Trog

Shops:
D:4 (


Innate Abilities, Weirdness & Mutations

You have razor-sharp teeth.
Your natural rate of healing is unusually fast.
When hurt, damage is shared between your health and your magic reserves.
Your bite disrupts and absorbs the magic of your enemies.
Potions cannot restore your health.


Message History

You slash the wraith! You bite the wraith. You drain its power.
You feel invigorated.
The wraith is heavily damaged.
The killer bee stings you. x3
* * * LOW HITPOINT WARNING * * *
You block the killer bee's attack. The killer bee barely misses you.
The killer bee stings you.
* * * LOW HITPOINT WARNING * * *
The wraith hits you but does no damage. The killer bee misses you. x2
The killer bee barely misses you. The wraith closely misses you.
The killer bee stings you but does no damage.
The killer bee closely misses you. The killer bee stings you!
* * * LOW HITPOINT WARNING * * *
You barely miss the wraith. You bite the wraith. You drain its power.
You feel invigorated.
The wraith is severely damaged.
The killer bee misses you. You block the killer bee's attack. x2
The killer bee stings you but does no damage.
The killer bee completely misses you.
The killer bee stings you but does no damage.
The wraith hits you but does no damage. The killer bee barely misses you.
The killer bee stings you but does no damage. x2
You block the wraith's attack.
The killer bee stings you but does no damage. x2
The killer bee stings you.
* * * LOW HITPOINT WARNING * * *
You slash the wraith!
The wraith is almost destroyed.
The killer bee misses you. x2; The killer bee barely misses you.
The killer bee closely misses you. The killer bee completely misses you.
You block the killer bee's attack. The wraith hits you.
* * * LOW HITPOINT WARNING * * *
The wraith drains your vigour!
You feel as though you will be slow longer.
The killer bee stings you.
* * * LOW HITPOINT WARNING * * *
The killer bee barely misses you. The killer bee stings you.
* * * LOW HITPOINT WARNING * * *
The wraith hits you.
You die...

###..#......
##.##......
#..........
##.#......#
#.####...#
##........
###.....#..
##..yy#..#
#...[@y..#
##..W###.....
#...... ....
..>...!..#
###
.........$
...........
W..........
............


You could see a wraith and 3 killer bees.

Vanquished Creatures
  Pikel (D:6)
  A rime drake (D:8)
  Maggie (D:8)
  A hornet (D:8)
  A shadow (D:8)
  4 humans (D:8)
  4 steam dragons
  A black bear (D:4)
  An orc warrior (D:8)
  4 ice beasts (D:8)
  A sky beast (D:7)
  3 wolves (D:8)
  4 centaurs
  3 phantoms
  2 bullfrogs (D:7)
  5 scorpions
  9 wights (D:8)
  A killer bee (D:9)
  A gnoll bouda (D:8)
  3 jellies
  2 orc priests (D:4)
  6 hounds
  A sleepcap (D:4)
  Jessica (D:2)
  5 iguanas
  6 orc wizards
  Robin (D:2)
  10 gnolls
  6 adders
  A shadow imp (D:6)
  An ufetubus (D:7)
  A dart slug (D:3)
  A worm (D:2)
  28 orcs
  3 ball pythons
  5 bats
  3 endoplasms (D:1)
  3 giant cockroaches
  18 goblins
  14 hobgoblins
  7 jackals
  3 quokkas
  3 training dummies (D:4)
  2 frilled lizards
  10 kobolds
  4 rats
196 creatures vanquished.

Notes
Turn   | Place    | Note
-------+----------+-------------------------------------------
     0 | D:1      | Sabo the Vine Stalker Fighter began the quest for the Orb.
     0 | D:1      | Reached XP level 1. HP: 11/11 MP: 2/2
   146 | D:1      | Reached XP level 2. HP: 16/16 MP: 3/3
   595 | D:1      | Reached skill level 2 in Axes
   680 | D:1      | Reached XP level 3. HP: 16/20 MP: 2/4
  1033 | D:2      | Gained mutation: Your natural rate of healing is unusually
                  | fast. [Vine Stalker growth]
  1033 | D:2      | Reached XP level 4. HP: 23/24 MP: 5/5
  1069 | D:2      | Noticed Jessica
  1075 | D:2      | Killed Jessica
  1193 | D:2      | Noticed Robin
  1204 | D:2      | Reached skill level 3 in Axes
  1204 | D:2      | Killed Robin
  1205 | D:2      | Reached XP level 5. HP: 22/28 MP: 4/6
  1680 | D:3      | HP: 1/28 [orc/+0 trident (2)]
  1783 | D:3      | Found a burning altar of Makhleb.
  1814 | D:3      | Became a worshipper of Makhleb the Destroyer
  2250 | D:3      | Found a faded altar of an unknown god.
  2300 | D:3      | Found a blossoming altar of Fedhas.
  2499 | D:4      | Reached skill level 1 in Dodging
  2499 | D:4      | Reached XP level 6. HP: 32/32 MP: 7/7
  2725 | D:4      | Noticed a black bear
  2734 | D:4      | Killed a black bear
  2735 | D:4      | Reached skill level 4 in Axes
  2751 | D:4      | Found Rasud's Firing Range.
  2756 | D:4      | Reached XP level 7. HP: 37/37 MP: 8/8
  2865 | D:4      | Reached * piety under Makhleb
  2897 | D:4      | Found an opulent altar of Gozag.
  2897 | D:4      | Found a sparkling altar of Nemelex Xobeh.
  3077 | D:4      | Found a stormy altar of Qazlal.
  3451 | D:5      | Entered Level 5 of the Dungeon
  3570 | D:5      | Found a hazy altar of Hepliaklqana.
  3663 | D:5      | Found a shadowy altar of Dithmenos.
  3732 | D:5      | Reached skill level 5 in Axes
  3732 | D:5      | Gained mutation: You have razor-sharp teeth. [Vine Stalker
                  | growth]
  3732 | D:5      | Reached XP level 8. HP: 40/42 MP: 9/9
  3821 | D:5      | Found a staircase to the Ecumenical Temple.
  4617 | D:6      | Reached ** piety under Makhleb
  4777 | D:6      | Reached skill level 6 in Axes
  5093 | D:6      | Noticed Pikel
  5110 | D:6      | Killed Pikel
  5111 | D:6      | Reached skill level 5 in Armour
  5111 | D:6      | Reached skill level 1 in Stealth
  5111 | D:6      | Reached XP level 9. HP: 32/46 MP: 4/10
  5368 | D:7      | Found a bloodstained altar of Trog.
  5412 | D:7      | Reached skill level 7 in Axes
  5511 | D:7      | Reached skill level 5 in Fighting
  6405 | D:8      | Reached skill level 8 in Axes
  6512 | D:8      | Reached *** piety under Makhleb
  6518 | D:8      | Reached XP level 10. HP: 51/51 MP: 11/11
  6669 | D:8      | Reached skill level 5 in Shields
  6698 | D:8      | Reached skill level 9 in Axes
  6851 | D:8      | Found a staircase to the Lair.
  6875 | D:8      | Noticed Maggie
  6889 | D:8      | Killed Maggie
  7346 | D:8      | Found a shimmering blue altar of Sif Muna.
  7465 | D:8      | Found an iron altar of Okawaru.
  7988 | D:9      | HP: 2/53 [killer bee (2)]
  7988 | D:9      | Slain by a wraith

Illustrated notes

Levels and vault maps discovered:
D:1:      amcnicky_arrival_blooded_trapdoor, layout_loops_ring
D:2:      layout_rooms, uniq_jessica, uniq_robin
D:3:      layout_loops_cross, overflow_temple_1_default,
          fedhas_altar_fruit_tree, hellmonk_ecumenical_altar_pennies_from_heaven
D:4:      layout_basic, grunt_temple_overflow_opulence,
          mainiacjoe_overflow_cross_hatched, serial_glass, glass_columns_b,
          glass_columns_a, glass_columns_a, glass_columns_a, glass_columns_a,
          glass_columns_a, nicolae_shop_firing_range
D:5:      layout_basic, nicolae_dithmenos_through_a_glass_darkly,
          mainiacjoe_overflow_paths, minmay_temple_entry_junction_2
D:6:      layout_basic, uniq_pikel
D:7:      layout_loops_ring, trog_hazing_becter, grunt_decor_arrowhead
D:8:      layout_basic, okawaru_altar_gauntlet_db, lemuel_tele_altar,
          hellmonk_lair_entry_icy, minmay_ruffians, uniq_maggie
D:9:      layout_cave_pools, orc_0_dummy, st_stairs_13, minmay_between

Skill      XL: |  1  2  3  4  5  6  7  8  9 10 |
---------------+-------------------------------+-----
Fighting       | 3 4 5 6 |  6.2
Axes           | 2 3 4 5 6 8 9 |  9.7
Shields        | 3 4 5 |  5.6
Armour         | 3 4 5 6 |  6.5
Dodging        | 1 2 3 |  3.2
Stealth        | 1 |  1.6
Long Blades    | |  0.9
Unarmed Combat | |  0.7

Action                     |  1- 3 |  4- 6 |  7- 9 | 10-12 || total
---------------------------+-------+-------+-------+-------++-------
  Melee: War axe           |    74 |   117 |   296 |   119 ||   606
         Bite              |    12 |    27 |    73 |    62 ||   174
         Unarmed           |       |       |     4 |       ||     4
         Long sword        |       |       |       |    45 ||    45
    Use: Scroll            |     2 |     4 |     3 |     1 ||    10
   Stab: Confused          |       |       |     1 |       ||     1
 Armour: Scale mail        |    36 |    76 |    75 |       ||   187
         Chain mail        |       |       |    87 |   101 ||   188
  Dodge: Dodged            |    39 |    71 |   254 |   189 ||   553
         Repelled          |       |       |       |     3 ||     3
  Block: Buckler           |    19 |    34 |   108 |    63 ||   224

Table legend: (Time is in decaauts)
 A = Elapsed time spent in this place.
 B = Non-inter-level travel time spent in this place.
 C = Inter-level travel time spent in this place.
 D = Time resting spent in this place.
 E = Time spent auto-exploring this place.
 F = Levels seen in this place.
 G = Mean time per level.
                   A        B        C        D        E       F      G
               +--------+--------+--------+--------+--------+-----+--------+
         Total |   8167 |   8167 |      0 |    828 |      0 |   9 |  907.4 |
       Dungeon |   8167 |   8167 |      0 |    828 |      0 |   9 |  907.4 |
               +--------+--------+--------+--------+--------+-----+--------+

Top non-repeatable levels by time:
     D:8: 1666 daAuts
     D:5: 1118 daAuts
     D:4: 1016 daAuts
     D:7: 933 daAuts
     D:1: 871 daAuts
     D:3: 865 daAuts
     D:6: 831 daAuts
     D:2: 788 daAuts
     D:9: 75 daAuts
